 Dungeon Crawl Stone Soup version 0.26.0-45-g9c1d065592 (webtiles) character file.

Game seed: 14067585752663810082

(classic levelgen) 899 thiole the Stinger (level 8, 0/54 HPs)
             Began as an Octopode Venom Mage on Jan 30, 2021.
             Was an Initiate of Gozag.
             Slain by an orc priest
             ... wielding a +2 war axe of flaming
              (1 damage)
             ... on level 4 of the Dungeon.
             The game lasted 00:08:05 (7025 turns).

thiole the Stinger (Octopode Venom Mage)            Turns: 7025, Time: 00:08:06

Health: 0/54       AC:  3    Str:  8      XL:     8   Next: 7%
Magic:  3/14       EV: 13    Int: 17 (19) God:    Gozag
Gold:   426        SH:  0    Dex: 11 (12) Spells: 4/15 levels left

rFire    . . .     SeeInvis .   (no weapon)
rCold    . . .     Faith    .   (no shield)
rNeg     . . .     Spirit   .   (helmet restricted)
rPois    .         Reflect  .   (no amulet)
rElec    .         Harm     .   (no ring)
rCorr    .         Rampage  .   (no ring)
Will     .....                  (no ring)
Stlth    +++.......             (no ring)
HPRegen  0.18/turn              (no ring)
MPRegen  0.14/turn              (no ring)
                                (no ring)
                                (no ring)

@: gold aura, very slightly contaminated
A: almost no armour, stealthy swim, amphibious, 8 rings, constrict 8, yellow
scales 1, camouflage 1, gelatinous body 1, evolution 1, MP-powered wands
a: Renounce Religion, Potion Petition, Call Merchant, Bribe Branch


You were on level 4 of the Dungeon.
You worshipped Gozag.
Gozag was aware of your devotion.
You visited 2 branches of the dungeon, and saw 6 of its levels.

You collected 486 gold pieces.
You paid 60 gold pieces to Gozag.

Inventory:

Hand Weapons
 j - a +0 hunting sling
Missiles
 k - 151 stones
Jewellery
 f - a cursed ring of teleportation {unknown}
 g - a +4 ring of evasion {unknown}
Scrolls
 a - 9 scrolls of identify {unknown}
 b - 2 scrolls of blinking {unknown}
 c - 2 scrolls of teleportation {unknown}
 d - a scroll of amnesia {unknown}
 e - 3 scrolls of immolation {unknown}
 h - 2 scrolls of noise {unknown}
 l - 3 scrolls of remove curse {unknown}
 o - a scroll of fog {unknown}
Potions
 i - 3 potions of mutation
 m - a potion of brilliance {unknown}
 n - a potion of berserk rage {unknown}
 p - 2 potions of heal wounds {unknown}


   Skills:
 + Level 3.9 Fighting
 - Level 2.0 Dodging
 - Level 2.6 Stealth
 - Level 4.0 Spellcasting
 - Level 3.0 Conjurations
 - Level 1.0 Transmutations
 - Level 2.0 Fire Magic
 - Level 3.5 Air Magic
 - Level 6.0 Poison Magic


You had 4 spell levels left.
You knew the following spells:

 Your Spells              Type           Power        Failure   Level
a - Sting                 Tmut/Pois      60%          3%          1
b - Mephitic Cloud        Conj/Pois/Air  17%          9%          3
c - Ignite Poison         Fire/Tmut/Pois 13%          14%         3
d - Olgreb's Toxic Radia  Pois           23%          13%         4

Your spell library contained the following spells:

 Spells                   Type           Power        Failure   Level
 Poisonous Vapours        Pois/Air       38%          3%          2


Dungeon Overview and Level Annotations

Branches:
Dungeon (5/15)             Temple (1/1) D:4

Altars:
Ashenzari
Cheibriados
Dithmenos
Elyvilon
Fedhas
Gozag
Hepliaklqana
Kikubaaqudgha
Makhleb
Nemelex Xobeh
Okawaru
Qazlal
Ru
Sif Muna
Trog
Uskayaw
Vehumet
Wu Jian
Xom
Yredelemnul
Zin
The Shining One
Beogh
Lugonu

Shops:
D:5 *

Portals:
Abyss: D:3

Annotations:
D:3 1 runed translucent door, 0HN0ES's ghost, amateur OpCj
D:4 0gre's ghost, amateur GnIE
D:5 2 transporters, canine's ghost, novice GnWn


Innate Abilities, Weirdness & Mutations

You cannot wear most types of armour.
You are very stealthy in the water. (Stealth+)
You are amphibious.
You can wear up to eight rings at the same time.
You can use your tentacles to constrict eight enemies at once.
Your skin changes colour to match your surroundings (Stealth+).
Your rubbery body absorbs attacks. (AC +1, EV +1)
You are partially covered in yellow scales. (AC +2)
You evolve.
You expend magic power (3 MP) to strengthen your wands.


Message History

You kill the orc!
The orc looks even sicker.
The orc warrior looks even sicker.
Your toxic aura wanes.
You kill the orc!
The orc priest becomes distracted by the nearby gold, dreaming of imaginary riches.
The orc hits you from afar with a +0 trident.
* * * LOW HITPOINT WARNING * * *
The orc priest shouts!
Casting: Ignite Poison (dangerous; 14% risk of failure)
Confirm with . or Enter, or press ? or * to list all spells.
You miscast Olgreb's Toxic Radiance.
Nothing appears to happen.
The orc priest is no longer distracted by gold.
You kill the orc!
The orc becomes distracted by the nearby gold, dreaming of imaginary riches.
The orc warrior misses you.
The orc priest hits you with a +2 war axe of flaming.
* * * LOW HITPOINT WARNING * * *
The orc priest burns you.
You die...
Your body crumbles into a pile of gold.

...###.#####.......#
#...# ##
....##.#####..######
##.#.## #.
>....(........#
##.###.###.
....##.#####.## #.##
##.... ...###.#####.#####
##.###..... ####
#...........# ##.#.#....
# ###########.#
######....... #
########.####............
#
#8.....$@......8.........
#######ooo###########....
#...$$........# ####...#
#....#####....###.......
#.###.oWo.###.#......#.#
#.#8#..8..#8#.#......#.#
#...).........#......#..
#8....[_[)...8#......#..
### ##..)...#..


You could see an orc warrior (very poisoned), an orc priest (very poisoned),
0gre's ghost and 3 orcs.

Vanquished Creatures
  Sigmund (D:3)
  Eustachio (D:5)
  An ogre (D:4)
  A quasit (D:5)
  2 orc priests (D:4)
  A hound (D:5)
  An orc wizard (D:4)
  2 centaur skeletons
  2 iguanas (D:4)
  3 worker ants
  7 adders
  A shadow imp (D:5)
  A white imp (D:5)
  An ufetubus (D:5)
  5 worms
  4 dart slugs
  3 leopard geckos
  15 orcs
  3 bats
  5 giant cockroaches
  9 goblins
  5 hobgoblins
  8 jackals
  3 quokkas
  A ball python (D:2)
  2 frilled lizards
  A jackal skeleton (D:4)
  8 kobolds
  A quokka skeleton (D:4)
  3 rats (D:2)
  A lurking horror (D:3)
102 creatures vanquished.

Notes
Turn   | Place    | Note
-------+----------+-------------------------------------------
     0 | D:1      | thiole the Octopode Venom Mage began the quest for the Orb.
     0 | D:1      | Reached XP level 1. HP: 11/11 MP: 3/3
   142 | D:1      | Reached skill level 4 in Poison Magic
   477 | D:1      | Reached XP level 2. HP: 17/17 MP: 1/5
  1160 | D:2      | Reached skill level 5 in Poison Magic
  1160 | D:2      | Reached XP level 3. HP: 16/21 MP: 0/6
  1308 | D:2      | Found a shimmering blue altar of Sif Muna.
  1624 | D:2      | Reached XP level 4. HP: 22/27 MP: 2/7
  1729 | D:2      | Found a glowing golden altar of the Shining One.
  1729 | D:2      | Found an ancient bone altar of Kikubaaqudgha.
  1729 | D:2      | Found a hazy altar of Hepliaklqana.
  1810 | D:2      | Reached skill level 6 in Poison Magic
  2515 | D:3      | Found a one-way gate to the infinite horrors of the Abyss.
  2515 | D:3      | Found a corrupted altar of Lugonu.
  2772 | D:3      | Reached skill level 1 in Fighting
  2964 | D:3      | Found a runed translucent door.
  2993 | D:3      | Noticed Sigmund
  3176 | D:3      | Killed Sigmund
  3177 | D:3      | Reached XP level 5. HP: 18/34 MP: 1/8
  3177 | D:3      | Reached XP level 6. HP: 21/39 MP: 1/9
  3618 | D:3      | Noticed 0HN0ES's ghost (amateur OpCj)
  3703 | D:3      | Learned a level 3 spell: Mephitic Cloud
  3707 | D:3      | Learned a level 3 spell: Ignite Poison
  3754 | D:4      | Reached skill level 1 in Conjurations
  3757 | D:4      | Gained mutation: You are partially covered in yellow
                  | scales. (AC +2) [potion of mutation]
  3757 | D:4      | Gained mutation: You evolve. [potion of mutation]
  3757 | D:4      | Gained mutation: You expend magic power (3 MP) to
                  | strengthen your wands. [potion of mutation]
  4086 | D:4      | Found a staircase to the Ecumenical Temple.
  4117 | Temple   | Entered the Ecumenical Temple
  4168 | Temple   | Became a worshipper of Gozag Ym Sagoz the Greedy
  4641 | D:4      | Reached skill level 1 in Fire Magic
  4687 | D:4      | Reached XP level 7. HP: 31/45 MP: 1/10
  5456 | D:5      | Entered Level 5 of the Dungeon
  5609 | D:5      | Learned a level 4 spell: Olgreb's Toxic Radiance
  5735 | D:5      | Noticed Eustachio
  5746 | D:5      | Killed Eustachio
  5918 | D:5      | Noticed canine's ghost (novice GnWn)
  5919 | D:5      | Found a transporter.
  6072 | D:5      | Found Kesonessawk's General Store.
  6314 | D:5      | Found a transporter.
  6546 | D:5      | Reached XP level 8. HP: 37/53 MP: 14/14
  6920 | D:4      | Found a runed translucent gate.
  6921 | D:4      | Found a runed translucent gate.
  6922 | D:4      | Found a runed translucent gate.
  6922 | D:4      | Found a roughly hewn altar of Beogh.
  6922 | D:4      | Identified the +5 ring mail "Senynag" {rN+ Will+}
  6923 | D:4      | Identified the +6 plate armour of Jiufan {+Fly rF- Will+++
                  | Int+7}
  6925 | D:4      | Noticed 0gre's ghost (amateur GnIE)
  7025 | D:4      | HP: 1/54 [orc priest/+2 war axe of flaming (6)]
  7025 | D:4      | Slain by an orc priest

Illustrated notes

Levels and vault maps discovered:
D:1:      lightli_arrival_statue_moat, layout_rooms,
          hangedman_abyss_or_decor_lesser_grid
D:2:      layout_loops_ring, gammafunk_temple_overflow_claw,
          lemuel_blue_sif_altar, chequers_jeans
D:3:      layout_basic, ebering_ghost_reflecting_pool, kennysheep_another_room,
          amcnicky_altar_lugonu_corruption, uniq_sigmund
D:4:      layout_loops_cross, minmay_temple_entry_slanted,
          biasface_ghost_orc_armoury, hangedman_decor_slide_cut,
          minmay_checkerbox
D:5:      layout_loops_cross, serial_shops, kennysheep_mini_moat,
          gammafunk_ghost_smash, hangedman_abyss_or_decor_stagger,
          uniq_eustachio
Temple:   compressed_dpeg_circular_temple

Skill      XL: |  1  2  3  4  5  6  7 |
---------------+----------------------+-----
Poison Magic   | 4 5 6 |  6.0
Fighting       | 2 3 |  3.9
Air Magic      | 3 |  3.5
Conjurations   | 3 |  3.0
Fire Magic     | 1 2 |  2.0
Spellcasting   | 4 |  4.0
Dodging        | |  2.0
Stealth        | |  2.6
Transmutations | |  1.0

Action                   |  1- 3 |  4- 6 |  7- 9 || total
-------------------------+-------+-------+-------++-------
Melee: Unarmed           |    22 |    27 |    34 ||    83
       Constrict         |    10 |    11 |    10 ||    31
       Tentacles         |     6 |    11 |     9 ||    26
 Cast: Sting             |    48 |   105 |    77 ||   230
       Ignite Poison     |       |       |     3 ||     3
       Mephitic Cloud    |       |       |     2 ||     2
       Olgreb's Toxic Ra |       |       |     2 ||     2
  Use: Potion            |       |     6 |       ||     6
 Stab: Sleeping          |       |     1 |       ||     1
       Confused          |       |       |     2 ||     2
Armor: Skin              |     1 |     7 |    12 ||    20
Dodge: Dodged            |    18 |    48 |    47 ||   113
